 Dungeon Sprint DCSS version 0.17-a0-1210-g1e4f09d (webtiles) character file.

109 Kidiri the Cudgeler (level 4, -1/49 HPs)
             Began as a Troll Berserker on June 3, 2015.
             Was a Priest of Trog.
             Slain by a boulder beetle (35 damage)
             ... in the Dungeon (Sprint II: "The Violet Keep of Menkaure").
             The game lasted 00:01:08 (127 turns).

Kidiri the Cudgeler (Troll Berserker)                Turns: 127, Time: 00:01:09

Health: -1/49      AC:  5    Str: 26    XL:     4   Next: 59%
Magic:  3/3        EV: 11    Int:  3    God:    Trog [***...]
Gold:   486        SH:  0    Dex:  9    Spells: 0 memorised, 3 levels left

rFire  . . .     SeeInvis .     a - +0 mace
rCold  . . .     Clarity  .     b - +0 animal skin
rNeg   . . .     SustAt   .     (no shield)
rPois  .         Gourm    +     (helmet restricted)
rElec  .         Spirit   .     (no cloak)
rCorr  .         Warding  .     (gloves unavailable)
rMut   .         NoTele   +     (boots unavailable)
MR     .....                    (no amulet)
Stlth  +.........               (no ring)
                                (no ring)

@: not resistant to hostile enchantments, very unstealthy
A: unfitting armour, claws 3, fast metabolism 3, gourmand, regeneration 2,
shaggy fur 1, tough skin 2
a: Burn Spellbooks, Berserk, Trog's Hand, Renounce Religion


You were in the Dungeon.
You worshipped Trog.
Trog was most pleased with you.
You were not hungry.

You visited 1 branch You collected 486 gold pieces.

Inventory:

Hand weapons
 a - a +0 mace (weapon)
Armour
 b - a +0 animal skin (worn)
Scrolls
 i - a scroll of blinking
Potions
 e - a potion of heal wounds
 f - a potion of haste
 g - 2 potions of magic
 h - a potion of berserk rage
Comestibles
 c - 2 bread rations


   Skills:
 * Level 4.6 Fighting
 * Level 5.2 Maces & Flails
 + Level 2.7 Armour
 * Level 4.6 Dodging


You had 3 spell levels left.
You didn't know any spells.

Dungeon Overview and Level Annotations

Branches:
Dungeon (1/1)

Altars:


Innate Abilities, Weirdness & Mutations

You are too large for most types of armour.
You have claws for hands.
Your metabolism is lightning-fast.
You like to eat raw meat.
You heal very quickly.
You are covered in fur (AC +1).
You have very tough skin (AC +2).


Message History

You barely miss the boulder beetle.
The boulder beetle hits a rock wall.
The boulder beetle stops rolling.
The boulder beetle closely misses you.
The boulder beetle hits a rock wall.
The boulder beetle stops rolling.
You hit the boulder beetle but do no damage.
The boulder beetle curls into a ball and starts rolling!
The boulder beetle smashes into the boulder beetle!
The boulder beetle stops rolling.
You hit the boulder beetle.
The boulder beetle is lightly wounded.
The boulder beetle barely misses you.
You barely miss the boulder beetle.
The boulder beetle is lightly wounded.
The boulder beetle bites you!
You hit the boulder beetle but do no damage.
The boulder beetle is lightly wounded.
The boulder beetle curls into a ball and starts rolling!
The boulder beetle smashes into the boulder beetle!
The boulder beetle stops rolling.
The boulder beetle bites you!!
Ouch! That really hurt!
You die...

+## #.##
##..# ###
#†.## #
#.###†## .##
##.†##B##...#
+.##†.B.'#
##..##@##..$#
#.###+# .##
###


H#H # .# #. ## ## You could see 2 boulder beetles.

Vanquished Creatures
  4 worker ants (D)
  2 worms (D)
6 creatures vanquished.

Vanquished Creatures (others)
  Menkaure (D)
1 creature vanquished.

Grand Total: 7 creatures vanquished

Notes
Turn   | Place    | Note
--------------------------------------------------------------
     0 | D        | Kidiri the Troll Berserker began the quest for the Orb.
     0 | D        | Reached XP level 1. HP: 22/22 MP: 0/0
     1 | D        | Noticed a hippogriff
     1 | D        | Noticed a hippogriff
     5 | D        | Noticed a worker ant
     5 | D        | Noticed a worker ant
     5 | D        | Noticed a worker ant
     5 | D        | Noticed a worker ant
    13 | D        | Killed a worker ant
    13 | D        | Reached skill level 3 in Fighting
    13 | D        | Reached skill level 1 in Armour
    13 | D        | Reached XP level 2. HP: 31/31 MP: 1/1
    15 | D        | Killed a worker ant
    15 | D        | Acquired Trog's second power
    15 | D        | Reached skill level 4 in Fighting
    15 | D        | Reached XP level 3. HP: 39/39 MP: 2/2
    15 | D        | Killed Menkaure
    16 | D        | Killed a worker ant
    16 | D        | Reached XP level 4. HP: 48/48 MP: 3/3
    19 | D        | Killed a worker ant
    19 | D        | Reached skill level 5 in Maces & Flails
   118 | D        | Noticed a boulder beetle
   118 | D        | Noticed a boulder beetle
   127 | D        | Slain by a boulder beetle

Vault maps used:
D:        the_violet_keep_of_menkaure

Action                   |  1- 3 |  4- 6 || total
-------------------------+-------+-------++-------
Melee: Mace              |     7 |    17 ||    24
Invok: Berserk           |     1 |       ||     1
  Use: Potion            |     1 |       ||     1
